 Dungeon Crawl Stone Soup version 0.25.1-2-g60ff931df9 (webtiles) character file.

Game seed: 10293512879147831132

29761 Kaptain the Arsonist (level 13, -11/80 HPs)
             Began as a Gargoyle Fire Elementalist on Sept 7, 2020.
             Mangled by a minotaur
             ... wielding a +4 mace of holy wrath
              (23 damage)
             ... in a Gauntlet.
             The game lasted 01:46:59 (18986 turns).

Kaptain the Arsonist (Gargoyle Fire Elementalist)  Turns: 18986, Time: 01:47:00

Health: -11/80     AC: 14    Str: 13    XL:     13   Next: 47%
Magic:  30/37      EV: 11    Int: 20    God:
Gold:   1195       SH:  0    Dex: 10    Spells: 19/34 levels left

rFire    . . .     SeeInvis .   b - +3 flail (protect)
rCold    . . .     Gourm    .   (no shield)
rNeg     + . .     Faith    .   f - +1 leather armour
rPois    ∞         Spirit   .   (no helmet)
rElec    +         Reflect  .   (no cloak)
rCorr    .         Harm     .   (no gloves)
MR       .....     NoTele   +   (no boots)
Stlth    ++........             v - amulet of regeneration
HPRegen  0.63/turn              I - ring of magical power
MPRegen  0.25/turn              K - ring of wizardry

@: very slightly contaminated, invisible
A: negative energy resistance 1, electricity resistance, unbreathing,
petrification resistance, rot immunity, AC +9
a: no special abilities


You were in a Gauntlet.
You were not hungry.

You visited 3 branches of the dungeon, and saw 16 of its levels.
You also visited: Ossuary, Gauntlet and Volcano.

You collected 1195 gold pieces.

Inventory:

Hand Weapons
 a - a +2 short sword of venom
 b - a +3 flail of protection (weapon)
 n - a +5 flail
 o - a +2 quick blade of flaming
 q - a +1 battleaxe of flaming
 A - a +2 dire flail of holy wrath
 C - a +5 spear
 J - a +0 scimitar of flaming
Armour
 f - a +1 leather armour (worn)
 s - the +3 hat of Pondering {ponderous, MR+ MP+10 Int+5}
   (You took it off Gastronok on level 10 of the Dungeon)

   It affects your intelligence (+5).
   It affects your resistance to hostile enchantments.
   It affects your magic capacity (+10).
Jewellery
 e - an uncursed ring of see invisible {unknown}
 i - a +6 ring of strength
 m - an uncursed ring of positive energy
 v - an amulet of regeneration (around neck)
 D - the ring of Pavigod {+Fly rF+, unknown}
   (You found it in a Gauntlet)

   [ring of flight]

   It protects you from fire.
   It lets you fly.
 E - an uncursed ring of protection from cold
 I - a ring of magical power (left hand)
 K - a ring of wizardry (right hand)
Wands
 j - a wand of polymorph (7)
 k - a wand of disintegration (18)
 y - a wand of clouds (6)
 M - a wand of enslavement (16)
 O - a wand of random effects (7)
Scrolls
 h - 4 scrolls of blinking
 l - 11 scrolls of teleportation
 p - 3 scrolls of enchant armour
 r - 3 scrolls of enchant weapon
 u - a scroll of fear
 x - 4 scrolls of amnesia
 B - 4 scrolls of fog
 G - 3 scrolls of immolation
 H - 7 scrolls of identify
 L - 3 scrolls of remove curse
Potions
 d - 4 potions of mutation
 t - 2 potions of haste
 z - 3 potions of stabbing
 N - 2 potions of curing
 P - a potion of flight
Comestibles
 c - 24 rations


   Skills:
 + Level 9.2 Fighting
 + Level 9.3 Armour
 - Level 1.8 Dodging
 - Level 2.2 Stealth
 * Level 11.1 Spellcasting
 * Level 10.0 Conjurations
 * Level 12.3 Fire Magic


You had 19 spell levels left.
You knew the following spells:

 Your Spells              Type           Power        Failure   Level  Hunger
a - Foxfire               Conj/Fire      ####         1%          1    None
b - Conjure Flame         Conj/Fire      ######..     1%          3    None
c - Sticky Flame          Conj/Fire      ######..     1%          4    ##.....
d - Fireball              Conj/Fire      ######....   1%          5    ####...
e - Animate Skeleton      Necr           N/A          3%          1    None
f - Pain                  Necr           ##..         3%          1    None

Your spell library contained the following spells:

 Spells                   Type           Power        Failure   Level  Hunger
 Inner Flame              Hex/Fire       #####...     1%          3    None
 Vampiric Draining        Necr           ##........   9%          3    None
 Animate Dead             Necr           N/A          28%         4    ##.....
 Ice Form                 Ice/Tmut       ##......     28%         4    ##.....
 Agony                    Necr           ##......     58%         5    ####...
 Metabolic Englaciation   Hex/Ice        ##........   58%         5    ####...
 Freezing Cloud           Conj/Ice/Air   ###.......   71%         6    ######.
 Ozocubu's Refrigeration  Ice            ##........   98%         6    ######.
 Simulacrum               Ice/Necr       ##........   98%         6    ######.


Dungeon Overview and Level Annotations

Branches:
Dungeon (11/15)            Temple (1/1) D:7            Lair (4/6) D:8
  Swamp (0/4) Lair:2       Spider (0/4) Lair:3          Orc (0/2) D:9
Ossuary (visited)         Volcano (visited)         Gauntlet (1/1)

Altars:
Ashenzari
Cheibriados
Dithmenos
Elyvilon
Fedhas
Gozag
Hepliaklqana
Kikubaaqudgha
Makhleb
Nemelex Xobeh
Okawaru
Qazlal
Ru
Sif Muna
Trog
Uskayaw
Vehumet
Wu Jian
Xom
Yredelemnul
Zin
The Shining One
Jiyva

Shops:
D:10 =

Annotations:
Gauntlet 8 transporters, 3 runed translucent doors


Innate Abilities, Weirdness & Mutations

You are resistant to torment.
Your stone body is resilient. (AC +9)
You are immune to poison.
You resist negative energy. (rN+)
You are resistant to electric shocks. (rElec)
You can survive without breathing.
You are immune to petrification.
You are immune to rotting.


Message History

Okay, then.
Press: ? - help, v - describe, . - travel
Here: a minotaur, wielding a +4 mace of holy wrath, wearing the +7 Kryia's mail coat {PotionHeal*2 rC+} and quivering 9 silver javelins The floor.
You fade into invisibility!
The minotaur throws a silver javelin.
The silver javelin pierces through your death yak skeleton!!
The silver javelin pierces through you!
* * * LOW HITPOINT WARNING * * *
x2 You are very lightly contaminated with residual magic.
All of the chunks of flesh in your inventory have rotted away.
Your death yak skeleton gores the minotaur!
The minotaur hits your death yak skeleton with a +4 mace of holy wrath!!!
Your death yak skeleton convulses!
The minotaur gores your death yak skeleton!
Your death yak skeleton is destroyed!
Things that are here:
2 silver javelins; 5 inedible chunks of flesh The minotaur hits you with a +4 mace of holy wrath!!
You die...

#.##bthb.##.#bhb©!#b#.#3.|©[!.#.≈
#.#########.#########.#########.≈
................................≈
.♣...♣P..........♣P..♣..P♣P..♣P.#
.......P...∩....P...............≈
#≈≈≈#..♣.......♣..#≈≈≈#≈≈≈#≈≈≈#≈≈
##≈###...........###≈###≈###≈###≈
##################### ### ### #
#.............@.((#
#.♣.♣.©.©.©.©.♣H♣.#
#.................#
###.#.#######.#.### # #. ...#.#
#. .##.#.# .. .. ....# #. # ..#.#
#. #.#


You could see a minotaur.

Vanquished Creatures
  Gastronok (D:10)
  3 hydras
  3 two-headed ogres
  Erica (D:11)
  A death yak (Gauntlet)
  Nergalle (D:10)
  An unseen horror (D:10)
  A skeletal warrior (Lair:1)
  Pikel (D:6)
  An anaconda skeleton (Volcano)
  2 ugly things (D:11)
  A torpor snail (Gauntlet)
  A black mamba (Lair:2)
  A gargoyle (Volcano)
  4 spiny frogs
  Maggie (D:6)
  2 komodo dragons
  2 harpy skeletons (Volcano)
  Prince Ribbit (D:5)
  5 dream sheep (Lair:3)
  3 hippogriffs
  A raiju (Gauntlet)
  3 flying skulls (Volcano)
  An alligator skeleton (Volcano)
  A spriggan (D:9)
  A tarantella (Lair:3)
  A basilisk (D:11)
  Eustachio (D:6)
  A steam dragon (Gauntlet)
  28 yaks
  A hungry ghost (D:10)
  Edmund (D:5)
  6 water moccasins
  8 porcupines
  6 orc warriors
  A sky beast (D:8)
  2 ice beasts
  2 black bears
  A necrophage (D:10)
  4 centaurs
  3 ogres
  3 phantoms
  6 wolves (Lair:3)
  4 crocodiles
  3 big kobolds
  A gnoll sergeant (D:6)
  12 bullfrogs
  Blork the orc (D:5)
  14 scorpions
  A water moccasin skeleton (D:9)
  5 killer bees
  2 spriggan skeletons (Volcano)
  4 howler monkeys
  2 troll skeletons (Volcano)
  A crimson imp (D:6)
  A centaur zombie (D:5)
  A bullfrog zombie (D:8)
  2 quasits
  6 bullfrog skeletons
  10 jellies
  A human zombie (Ossuary)
  4 orc priests
  5 hounds
  10 orc wizards
  Ijyb (D:3)
  A centaur skeleton (D:2)
  4 iguanas
  7 worker ants
  A killer bee zombie (D:6)
  2 big kobold zombies (Ossuary)
  2 hound zombies
  4 mummies
  2 worker ant zombies
  9 gnolls
  14 adders
  A howler monkey skeleton (D:6)
  6 scorpion zombies (Ossuary)
  A shadow imp (D:8)
  2 oozes
  4 adder skeletons
  An adder zombie (D:9)
  3 worms
  3 dart slugs
  7 leopard geckos
  52 orcs
  10 bats
  7 giant cockroaches
  12 goblins
  10 hobgoblins
  4 jackals
  15 kobolds
  2 quokkas
  A ball python (D:5)
  10 frilled lizards
  2 gnoll zombies (Ossuary)
  2 goblin zombies (Ossuary)
  2 hobgoblin zombies (Ossuary)
  A kobold zombie (Ossuary)
  A leopard gecko skeleton (D:9)
  An orc zombie (Ossuary)
  A quokka zombie (D:8)
  12 rats
  A butterfly (Lair:3)
430 creatures vanquished.

Vanquished Creatures (collateral kills)
  A spiny frog (Lair:1)
  A rime drake (Lair:1)
  A hippogriff (Lair:3)
  2 dream sheep (Lair:3)
  3 yaks
  2 porcupines (Lair:2)
  A crocodile (Lair:4)
  A bullfrog (Lair:2)
  A bullfrog zombie (D:11)
  A jelly (D:10)
  3 orcs (D:11)
  3 kobolds (D:11)
  A fungus (Lair:2)
21 creatures vanquished.

Vanquished Creatures (others)
  2 gargoyles (Volcano)
  A harpy skeleton (Volcano)
  A quokka (D:6)
  An orc zombie (Ossuary)
  733 foxfires
  3 plants
741 creatures vanquished.

Grand Total: 1192 creatures vanquished

Notes
Turn   | Place    | Note
-------+----------+-------------------------------------------
     0 | D:1      | Kaptain the Gargoyle Fire Elementalist began the quest for
                  | the Orb.
     0 | D:1      | Reached XP level 1. HP: 10/10 MP: 3/3
   143 | D:1      | Reached XP level 2. HP: 15/15 MP: 3/5
   433 | D:1      | Reached XP level 3. HP: 20/20 MP: 0/6
  1240 | D:2      | Reached skill level 1 in Armour
  1332 | D:2      | Found an iron altar of Okawaru.
  1430 | D:2      | Reached skill level 1 in Fighting
  1430 | D:2      | Reached XP level 4. HP: 25/25 MP: 7/7
  2222 | D:2      | Learned a level 3 spell: Conjure Flame
  2227 | D:2      | Learned a level 4 spell: Sticky Flame
  2330 | D:3      | Reached XP level 5. HP: 29/29 MP: 9/9
  2418 | D:3      | Noticed Ijyb
  2440 | D:3      | Killed Ijyb
  2440 | D:3      | Reached skill level 4 in Fire Magic
  3528 | D:4      | Reached XP level 6. HP: 32/35 MP: 3/10
  3694 | D:4      | Noticed a phantom
  3725 | D:4      | Killed a phantom
  4077 | D:4      | Reached XP level 7. HP: 40/40 MP: 6/12
  4327 | D:4      | Reached skill level 5 in Fire Magic
  4719 | D:5      | Entered Level 5 of the Dungeon
  4729 | D:5      | Found a shimmering blue altar of Sif Muna.
  4866 | D:5      | Found a sand-covered staircase.
  4867 | D:5      | Noticed Prince Ribbit
  4877 | Ossuary  | Entered an ossuary
  5394 | Ossuary  | Reached XP level 8. HP: 46/46 MP: 10/14
  5820 | Ossuary  | Reached skill level 6 in Fire Magic
  5867 | Ossuary  | Reached skill level 5 in Spellcasting
  6110 | D:5      | Killed Prince Ribbit
  6230 | D:5      | Noticed Blork the orc
  6234 | D:5      | Killed Blork the orc
  6357 | D:5      | Reached XP level 9. HP: 52/52 MP: 10/17
  6526 | D:5      | Found a glowing golden altar of the Shining One.
  6757 | D:5      | Found an ancient bone altar of Kikubaaqudgha.
  6765 | D:5      | Reached skill level 7 in Fire Magic
  6777 | D:5      | Learned a level 5 spell: Fireball
  6793 | D:5      | Noticed Edmund
  6803 | D:5      | Killed Edmund
  7321 | D:6      | Reached skill level 5 in Conjurations
  7393 | D:6      | Noticed Maggie
  7405 | D:6      | Noticed Eustachio
  7409 | D:6      | Killed Maggie
  7436 | D:6      | Reached skill level 5 in Armour
  7447 | D:6      | Killed Eustachio
  7447 | D:6      | Reached skill level 5 in Fighting
  7737 | D:6      | Noticed Pikel
  7759 | D:6      | Killed Pikel
  7759 | D:6      | Reached skill level 8 in Fire Magic
  7759 | D:6      | Reached XP level 10. HP: 48/59 MP: 8/20
  8347 | D:7      | Found a staircase to the Ecumenical Temple.
  8354 | Temple   | Entered the Ecumenical Temple
  8624 | D:7      | Got a scorched leather armour
  8625 | D:7      | Identified the cursed +0 leather armour of Egocox {Dex+4}
                  | (You found it on level 7 of the Dungeon)
  8801 | D:7      | You fall into a shaft and drop 2 floors!
  8809 | D:9      | Found a staircase to the Orcish Mines.
 10028 | D:7      | Reached skill level 9 in Fire Magic
 10033 | D:7      | Found a shimmering altar of Xom.
 10436 | D:8      | Noticed a two-headed ogre
 10514 | D:8      | Killed a two-headed ogre
 10599 | D:8      | Reached XP level 11. HP: 66/66 MP: 23/23
 10600 | D:8      | Found a viscous altar of Jiyva.
 10603 | D:8      | Learned a level 1 spell: Animate Skeleton
 10759 | D:8      | Found a staircase to the Lair.
 11156 | D:9      | Found a white marble altar of Elyvilon.
 11156 | D:9      | Found a burning altar of Makhleb.
 11161 | D:9      | Found a faded altar of an unknown god.
 11163 | D:9      | Found a faded altar of an unknown god.
 11164 | D:9      | Found an opulent altar of Gozag.
 11671 | D:10     | Entered Level 10 of the Dungeon
 11958 | D:10     | Noticed a two-headed ogre
 11973 | D:10     | Killed a two-headed ogre
 11973 | D:10     | Reached skill level 10 in Fire Magic
 12033 | D:10     | Noticed Gastronok
 12051 | D:10     | Killed Gastronok
 12186 | D:10     | Found Pim Amiti's Jewellery Boutique.
 12301 | D:10     | Noticed Nergalle
 12308 | D:10     | Noticed a spectral orc warlord
 12311 | D:10     | Killed Nergalle
 12535 | D:10     | Noticed an unseen horror
 12540 | D:10     | Killed an unseen horror
 13147 | D:10     | Reached XP level 12. HP: 73/73 MP: 20/25
 13491 | D:11     | Noticed a five-headed hydra
 13498 | D:11     | Killed a five-headed hydra
 13538 | D:11     | Got a crude ring mail
 13540 | D:11     | Identified the cursed +0 ring mail "Riezud" {*Slow +Blink
                  | rElec Int-5} (You found it on level 11 of the Dungeon)
 13576 | D:11     | Noticed a two-headed ogre
 13593 | D:11     | Killed a two-headed ogre
 13627 | D:11     | Reached skill level 11 in Fire Magic
 13861 | D:11     | Noticed Erica
 13871 | D:11     | Killed Erica
 14334 | Lair:1   | Entered Level 1 of the Lair of Beasts
 14338 | Lair:1   | Learned a level 1 spell: Pain
 14374 | Lair:1   | Found a dark tunnel.
 14379 | Volcano  | Entered a volcano
 14464 | Volcano  | Reached skill level 10 in Spellcasting
 14482 | Volcano  | HP: 2/74 [gargoyle/stone arrow (16)]
 15541 | Lair:1   | Noticed an eight-headed hydra
 15553 | Lair:1   | Killed an eight-headed hydra
 16558 | Lair:2   | Reached XP level 13. HP: 75/79 MP: 22/27
 16913 | Lair:2   | Found a staircase to the Swamp.
 17382 | Lair:3   | Found a hole to the Spider Nest.
 17518 | Lair:3   | Reached skill level 12 in Fire Magic
 18353 | Lair:4   | Found a gate leading to a gauntlet.
 18370 | Gauntlet | Entered a Gauntlet
 18370 | Gauntlet | Found a transporter.
 18501 | Gauntlet | Found a transporter.
 18503 | Gauntlet | Found a transporter.
 18518 | Gauntlet | Found a transporter.
 18520 | Gauntlet | Found a transporter.
 18527 | Gauntlet | Found a transporter.
 18544 | Gauntlet | Found a transporter.
 18557 | Gauntlet | Found a transporter.
 18567 | Gauntlet | Found a transporter.
 18581 | Gauntlet | Found a transporter.
 18585 | Gauntlet | Found the +7 Spriggan's Knife {stab, EV+4 Stlth+}
 18594 | Gauntlet | Found a runed translucent gate.
 18595 | Gauntlet | Found a runed translucent gate.
 18595 | Gauntlet | Found a transporter.
 18595 | Gauntlet | Found a transporter.
 18596 | Gauntlet | Found a runed translucent gate.
 18656 | Gauntlet | Found a transporter.
 18659 | Gauntlet | Found a transporter.
 18769 | Gauntlet | Reached skill level 10 in Conjurations
 18960 | Gauntlet | Got a heavily runed wooden ring
 18973 | Gauntlet | Noticed a minotaur
 18986 | Gauntlet | Mangled by a minotaur

Illustrated notes

Levels and vault maps discovered:
D:1:      erik_arrival_triangle_small, layout_basic
D:2:      layout_loops_corners, kennysheep_okawaru_gauntlet
D:3:      layout_loops_corners, first_ration, kennysheep_another_room,
          serial_bayou_pond_a, uniq_ijyb
D:4:      layout_rooms
D:5:      layout_gridville, tso_metal_star, kiku_gazebo_garden_becter,
          kennysheep_little_box, gup_ossuary_entry_pyramid, uniq_blork_the_orc,
          uniq_prince_ribbit1, uniq_edmund
D:6:      layout_loops_cross, minivault_27, uniq_eustachio, uniq_maggie,
          uniq_pikel
D:7:      layout_basic, minmay_temple_entry_purple_smoke, dk_xom_monty_hall
D:8:      layout_rooms, david_lair_shrubbed, jiyva_altar_1
D:9:      layout_irregular_city, chequers_temple_overflow_minitemple,
          orc_0_dummy, the_bakery
D:10:     layout_basic, serial_shops, shop_statue, patterned_corridor,
          uniq_nergalle, uniq_gastronok
D:11:     layout_loops_ring, uniq_erica
Temple:   nicolae_temple_elliptical
Lair:1:   layout_regular_city, enter_volcano_4
Lair:2:   layout_cave_pods, swamp_mist, beast_lair_carwin_7
Lair:3:   layout_regular_city, spider_nest_entry_rubble, lemuel_fruit_fields
Lair:4:   layout_cave_pods, gauntlet_entry_generic, portal_ice_cave_rime,
          worms_lemuel, infiniplex_staircase_pool, grunt_megastairs_5
Gauntlet: minmay_gauntlet_77_tree [minmay_gauntlet_arena_77_radiant_squares,
          minmay_gauntlet_arena_77_run_for_it,
          minmay_gauntlet_arena_77_checkered, minmay_gauntlet_arena_77_museum,
          minmay_gauntlet_arena_77_squiggly, minmay_gauntlet_arena_77_mess,
          minmay_gauntlet_arena_77_hold_the_fort,
          nicolae_gauntlet_exit_dead_adventurers]

Skill      XL: |  1  2  3  4  5  6  7  8  9 10 11 12 13 |
---------------+----------------------------------------+-----
Armour         | 1 2 3 4 5 6 7 8 9 |  9.3
Fighting       | 1 2 3 4 5 6 7 8 9 |  9.2
Conjurations   | 2 3 4 5 6 8 9 10 | 10.0
Fire Magic     | 4 5 6 8 9 10 11 12 | 12.3
Spellcasting   | 3 4 5 6 8 9 10 11 | 11.1
Dodging        | |  1.8
Stealth        | |  2.2

Action                   |  1- 3 |  4- 6 |  7- 9 | 10-12 | 13-15 || total
-------------------------+-------+-------+-------+-------+-------++-------
Melee: Dagger            |    35 |    58 |       |       |       ||    93
       Flail             |       |    43 |   171 |   359 |    61 ||   634
       Unarmed           |       |     1 |     3 |       |       ||     4
       Spear             |       |       |       |    10 |       ||    10
 Cast: Foxfire           |    52 |    80 |   152 |   147 |    10 ||   441
       Sticky Flame      |       |     3 |     8 |   117 |    54 ||   182
       Conjure Flame     |       |       |    16 |    28 |     2 ||    46
       Animate Skeleton  |       |       |       |    38 |    25 ||    63
       Fireball          |       |       |       |     3 |       ||     3
Evoke: Wand              |       |       |     1 |       |       ||     1
  Use: Scroll            |     1 |     4 |    13 |     5 |     1 ||    24
       Potion            |       |     1 |     8 |    11 |     1 ||    21
 Stab: Sleeping          |     1 |     4 |     2 |     2 |       ||     9
       Invisible         |       |       |       |     1 |       ||     1
  Eat: Chunk             |     2 |     9 |    11 |    31 |     7 ||    60
       Ration            |       |       |     1 |     2 |     1 ||     4
Armor: Robe              |     3 |       |       |       |       ||     3
       Leather armour    |    18 |    53 |   119 |   314 |    72 ||   576
       Skin              |       |       |     1 |       |       ||     1
Dodge: Dodged            |    20 |    78 |   140 |   382 |    87 ||   707
